 Seeded DCSS version 0.29-a0-378-gc08b2e8bf8 (webtiles) character file.

Game seed: 13605594255664981076 (custom seed)

582 thiscave3701365 the Cleaver (level 7, 0/57 HPs)
             Began as a Minotaur Berserker on May 4, 2022.
             Was a Believer of Trog.
             Slain by an ice beast (1 damage)
             ... on level 5 of the Dungeon.
             The game lasted 00:03:13 (5636 turns).

thiscave3701365 the Cleaver (Minotaur Berserker)    Turns: 5636, Time: 00:03:14

Health: 0/57       AC:  9    Str: 23    XL:     7   Next: 14%
Magic:  6/6        EV:  8    Int:  4    God:    Trog [**....]
Gold:   203        SH:  0    Dex: 10    Spells: 6/6 levels left

rFire   . . .      SeeInvis .   a - +0 hand axe
rCold   . . .      Faith    .   (no shield)
rNeg    . . .      Spirit   .   o - +1 chain mail {rPois}
rPois   +          Reflect  .   (helmet restricted)
rElec   .          Harm     .   (no cloak)
rCorr   .          Rampage  .   (no gloves)
Will    .....                   (no boots)
Stlth   ..........              (no amulet)
HPRegen 0.19/turn               (no ring)
MPRegen 0.10/turn               (no ring)

@: on berserk cooldown, slowed, very slow
A: horns 2, retaliatory headbutt
a: Renounce Religion, Berserk, Trog's Hand


You were on level 5 of the Dungeon.
You worshipped Trog.
Trog was pleased with you.
You visited 1 branch of the dungeon, and saw 5 of its levels.

You collected 203 gold pieces.

Inventory:

Hand Weapons
 a - a +0 hand axe (weapon)
Missiles
 u - a throwing net
Armour
 o - a +1 chain mail of poison resistance (worn)
Jewellery
 r - a ring of protection from cold
Wands
 s - a wand of charming (10)
 t - a wand of digging (3)
Scrolls
 d - a scroll of immolation {unknown}
 e - 6 scrolls of identify {unknown}
 g - a scroll of blinking {unknown}
 h - 2 scrolls of fog {unknown}
 i - 2 scrolls of vulnerability {unknown}
 k - 2 scrolls of poison {unknown}
 p - a scroll of torment {unknown}
 q - a scroll of teleportation {unknown}
Potions
 c - a potion of brilliance {unknown}
 f - 2 potions of haste {unknown}
 j - a potion of flight {unknown}
 l - a potion of might {unknown}
 m - a potion of ambrosia {unknown}
 n - a potion of magic {unknown}
 v - a potion of heal wounds {unknown}
 w - a potion of mutation {unknown}


   Skills:
 - Level 3.6 Fighting
 + Level 9.9 Axes
 - Level 2.4 Armour
 - Level 2.1 Dodging


You had 6 spell levels left.
You didn't know any spells.
Your spell library was empty.

Dungeon Overview and Level Annotations

Branches:
Dungeon (5/15)             Temple (0/1) D:4

Altars:
Cheibriados
Gozag
Makhleb
Nemelex Xobeh
Okawaru
Uskayaw


Innate Abilities, Weirdness & Mutations

You have a pair of horns on your head.
You reflexively headbutt those who attack you in melee.


Message History

Something hits you but does no damage. The orc wizard casts a spell at you.
The orc wizard casts a spell.
The orc wizard flickers and vanishes!
The phantom closely misses you.
You slash the phantom!
The phantom is moderately damaged.
The phantom barely misses you. You furiously retaliate!
You headbutt the phantom! You closely miss the phantom.
The phantom is severely damaged.
Something hits the phantom but does no damage.
The phantom hits you but does no damage.
You hit the phantom. You headbutt the phantom.
You destroy the phantom!
Trog accepts your kill.
You have reached level 7!
Something hits you.
* * * LOW HITPOINT WARNING * * *
You hear some strange, mumbled words.
Something hits you but does no damage.
Something hits you but does no damage. x2
Something hits you.
* * * LOW HITPOINT WARNING * * *
You hear some strange, mumbled words.
Something tries to affect you, but you resist.
There is an open door here.
You hit the orc but do no damage. You miss something.
The orc hits you but does no damage. Something hits you.
* * * LOW HITPOINT WARNING * * *
You hear some strange, mumbled words.
A magic dart appears from out of thin air!
The magic dart hits you but does no damage.
The orc hits you with a +0 short sword.
* * * LOW HITPOINT WARNING * * *
You closely miss the orc. Your headbutt misses the orc.
You barely miss something. You hit the ice beast but do no damage.
The ice beast hits you but does no damage.
The orc hits you but does no damage. Something hits you but does no damage.
You miss something. You barely miss the ice beast. You barely miss the orc.
The ice beast hits you.
You die...

#....o.......#.#.#
#.#####.###..#.#.#
#.# #..#.#.# #.#
#..#.#.#
#.###..#'#.#
#..........###.#.#
#................#
#......Yo{####.###
#.######@## #..
#.###### #.
#......# #......#
#......# #......#
#......#
.####......# ##
...........# ..


You could see an ice beast and an orc.

Vanquished Creatures
  2 ogres
  A phantom (D:5)
  2 orc priests (D:4)
  An iguana (D:3)
  An orc wizard (D:5)
  8 gnolls
  4 adders
  An ufetubus (D:4)
  A worm (D:5)
  22 orcs
  4 endoplasms
  3 giant cockroaches
  8 goblins
  4 hobgoblins
  3 jackals (D:1)
  A quokka (D:4)
  10 ball pythons
  A bat (D:3)
  3 frilled lizards
  5 kobolds
  7 rats
92 creatures vanquished.

Notes
Turn   | Place    | Note
-------+----------+-------------------------------------------
     0 | D:1      | thiscave3701365 the Minotaur Berserker began the quest for
                  | the Orb.
     0 | D:1      | Reached XP level 1. HP: 19/19 MP: 0/0
   124 | D:1      | Reached skill level 4 in Axes
   352 | D:1      | Found a faded altar of an unknown god.
   457 | D:1      | Reached XP level 2. HP: 26/26 MP: 1/1
  1151 | D:2      | Reached skill level 5 in Axes
  1151 | D:2      | Reached XP level 3. HP: 30/31 MP: 2/2
  1511 | D:2      | Reached ** piety under Trog
  1512 | D:2      | Reached XP level 4. HP: 39/39 MP: 3/3
  1536 | D:2      | Reached skill level 6 in Axes
  3246 | D:3      | Found a burning altar of Makhleb.
  3246 | D:3      | Found a hide-covered altar of Uskayaw.
  3267 | D:3      | Reached XP level 5. HP: 45/45 MP: 4/4
  3509 | D:3      | Reached skill level 7 in Axes
  3647 | D:4      | Found a snail-covered altar of Cheibriados.
  3892 | D:4      | Found an iron altar of Okawaru.
  4141 | D:4      | Reached skill level 8 in Axes
  4378 | D:4      | Reached XP level 6. HP: 51/51 MP: 5/5
  4897 | D:4      | Found an opulent altar of Gozag.
  4897 | D:4      | Found a sparkling altar of Nemelex Xobeh.
  4972 | D:4      | Found a staircase to the Ecumenical Temple.
  5381 | D:5      | Entered Level 5 of the Dungeon
  5475 | D:5      | Reached skill level 9 in Axes
  5602 | D:5      | Noticed an ice beast
  5624 | D:5      | Reached XP level 7. HP: 5/57 MP: 6/6
  5634 | D:5      | HP: 2/57 [something (3)]
  5636 | D:5      | Slain by an ice beast

Illustrated notes

Levels and vault maps discovered:
D:1:      wander_arrival_lonely_grave, layout_basic,
          ebering_ecumenical_altar_rust
D:2:      layout_basic, minmay_misc_feat_tower, grunt_decor_mini_mirrors
D:3:      layout_basic, mainiacjoe_overflow_divided_tiny
D:4:      layout_loops_ring, grunt_temple_overflow_opulence,
          general_overflow_altar, mainiacjoe_overflow_24_doors, temple_doors_ab
D:5:      layout_basic, mainiacjoe_overflow_paths

Skill      XL: |  1  2  3  4  5  6 |
---------------+-------------------+-----
Axes           | 4 5 6 8 9 |  9.9
Fighting       | |  3.6
Armour         | |  2.4
Dodging        | |  2.1

Action                   |  1- 3 |  4- 6 |  7- 9 || total
-------------------------+-------+-------+-------++-------
Melee: Hand axe          |    42 |   129 |     3 ||   174
       Headbutt          |     7 |    15 |       ||    22
       Punch             |       |     2 |       ||     2
Invok: Berserk           |     3 |     9 |       ||    12
Armor: Animal skin       |     6 |     4 |       ||    10
       Chain mail        |       |    41 |     8 ||    49
Dodge: Dodged            |    37 |    48 |       ||    85

Table legend: (Time is in decaauts)
 A = Elapsed time spent in this place.
 B = Non-inter-level travel time spent in this place.
 C = Inter-level travel time spent in this place.
 D = Time resting spent in this place.
 E = Time spent auto-exploring this place.
 F = Levels seen in this place.
 G = Mean time per level.
                   A        B        C        D        E       F      G
               +--------+--------+--------+--------+--------+-----+--------+
         Total |   5731 |   5383 |    348 |   1619 |   3287 |   5 | 1146.2 |
       Dungeon |   5731 |   5383 |    348 |   1619 |   3287 |   5 | 1146.2 |
               +--------+--------+--------+--------+--------+-----+--------+

Top non-repeatable levels by time:
     D:4: 1873 daAuts
     D:2: 1308 daAuts
     D:3: 1239 daAuts
     D:1: 1043 daAuts
     D:5: 267 daAuts
